Map: Jagannatha LE

Players

ViBE - Winner!

  • Race: Protoss Protoss
  • League: Platinum

Eric

  • Race: Terran Terran
  • League: Platinum

VOD

Have the link to the VOD?

Description

Time

  • Played on: April 6, 2021, 8:53 p.m.
  • Length: 11:56
Show
View Real Time Build Order
Export as new Build Order

ViBE Protoss - Winner!

Build Orders: 1 Gate Expand, Archon Immortal 

Get SALT Encoding   

  12  0:00  Probe  
  13  0:13  Probe  
  14  0:19  Pylon  
  14  0:25  Probe  
  15  0:37  Gateway  
  15  0:41  Probe (Chrono Boost)  
  16  0:43  Assimilator  
  16  0:52  Probe (Chrono Boost)  
  17  0:57  Probe (Chrono Boost)  
  18  1:08  Probe  
  19  1:20  Probe  
  20  1:30  Nexus  
  20  1:32  Probe  
  21  1:43  Assimilator  
  21  1:44  Pylon, Probe  
  21  1:55  Cybernetics Core  
  21  1:58  Probe (Chrono Boost)  
  22  2:12  Probe (Chrono Boost)  
  23  2:18  Probe (Chrono Boost)  
  24  2:26  Pylon, Probe  
  24  2:31  Stalker (Chrono Boost)  
  24  2:32  Warp Gate  
  26  2:38  Probe  
  26  2:44  Probe  
  26  2:50  Probe  
  27  2:56  Probe  
  26  3:03  Probe  
  27  3:08  Probe  
  27  3:09  Shield Battery  
  30  3:13  Sentry  
  30  3:15  Probe  
  31  3:21  Probe  
  31  3:24  Robotics Facility  
  31  3:25  Gateway  
  33  3:27  Probe  
  33  3:33  Probe  
  33  3:39  Probe (Chrono Boost)  
  34  3:45  Probe (Chrono Boost)  
  35  3:51  Probe (Chrono Boost)  
  37  3:57  Probe (Chrono Boost)  
  37  4:00  Probe (Chrono Boost)  
  37  4:02  Probe (Chrono Boost)  
  38  4:05  Probe  
  40  4:11  Probe  
  41  4:17  Probe  
  41  4:23  Probe  
  43  4:29  Nexus, Probe  
  43  4:30  Pylon  
  44  4:31  Observer  
  44  4:33  Pylon  
  44  4:36  Stalker x2  
  44  4:37  Probe  
  50  4:41  Probe  
  51  4:48  Pylon  
  51  4:50  Probe  
  51  4:51  Pylon  
  52  4:54  Assimilator, Probe  
  52  4:57  Assimilator  
  53  5:01  Immortal  
  53  5:06  Probe x2  
  59  5:18  Stalker x2, Probe x2  
  65  5:28  Forge  
  65  5:29  Forge  
  65  5:33  Twilight Council  
  65  5:36  Probe x2  
  67  5:43  Immortal  
  71  5:53  Stalker x2  
  71  5:54  Probe x2 (Chrono Boost)  
  71  5:55  Probe (Chrono Boost)  
  78  6:02  Pylon  
  81  6:04  Charge (Chrono Boost)  
  81  6:05  Probe x3 (Chrono Boost)  
  81  6:09  Templar Archives  
  81  6:10  Protoss Ground Weapons Level 1 (Chrono Boost), Probe x3 (Chrono Boost)  
  81  6:12  Protoss Ground Armor Level 1 (Chrono Boost)  
  84  6:22  Zealot  
  84  6:23  Zealot  
  88  6:27  Probe  
  88  6:28  Probe x2  
  88  6:32  Assimilator  
  91  6:35  Assimilator  
  91  6:39  Probe  
  92  6:40  Probe x2  
  92  6:41  Immortal  
  92  6:46  High Templar x2  
  102  6:48  Gateway  
  102  6:49  Gateway  
  102  6:52  Archon  
  102  6:53  Gateway  
  102  6:56  Probe x3  
  104  7:21  Probe, Immortal  
  109  7:25  Nexus  
  109  7:26  Pylon  
  109  7:29  Pylon  
  109  7:31  Pylon  
  109  7:35  Pylon  
  109  7:43  Pylon  
  109  7:44  Probe x3  
  112  7:47  Zealot x2  
  112  7:48  Pylon  
  116  7:55  Pylon  
  116  7:56  Probe x3  
  116  7:57  Protoss Ground Weapons Level 2 (Chrono Boost), Protoss Ground Armor Level 2 (Chrono Boost)  
  119  8:00  Immortal  
  123  8:08  Zealot x2, Probe x3  
  130  8:16  Gateway x2  
  130  8:20  Probe x3  
  130  8:21  High Templar x2  
  130  8:23  Zealot  
  139  8:30  Archon  
  139  8:32  Probe x3  
  142  8:37  Probe  
  142  8:39  Immortal  
  147  8:42  Assimilator  
  147  8:43  Assimilator  
  147  8:44  Probe  
  147  8:48  High Templar  
  150  8:49  High Templar  
  150  8:51  Zealot  
  150  8:54  Nexus, High Templar  
  150  8:55  Pylon, High Templar  
  158  8:58  Pylon  
  158  9:00  Gateway  
  158  9:01  Gateway  
  158  9:04  Gateway  
  158  9:09  Gateway  
  158  9:12  Archon x2  
  158  9:22  Zealot x5  
  152  9:25  Immortal  
  135  9:37  Probe x2  
  135  9:38  Probe x2  
  122  9:41  Pylon  
  122  9:43  High Templar x2  
  122  9:44  High Templar x3  
  122  9:45  High Templar  
  128  9:46  Zealot  
  130  9:55  Gateway  
  130  9:57  Gateway  
  130  9:59  Gateway  
  130  10:01  Zealot x3  
  130  10:02  Gateway  
  130  10:04  Pylon, Immortal  
  130  10:05  Archon x2  
  130  10:06  Archon  
  140  10:18  Zealot x7  
  140  10:19  Zealot  
  156  10:32  Assimilator  
  156  10:33  Assimilator  
  156  10:40  Zealot x8  
  156  10:41  Zealot x3  
  178  10:47  Immortal  
  182  10:51  Zealot x2  
  182  10:54  Zealot  
  188  10:58  Zealot  
  190  11:05  Robotics Facility  
  190  11:08  Gateway  
  190  11:09  Gateway  
  190  11:10  Gateway  
  190  11:13  Zealot  
  190  11:14  Gateway, Zealot x4  
  194  11:39  Zealot  
  187  11:40  Zealot x6  
  194  11:50  Zealot  
  194  11:51  Zealot x2  
Show
View Real Time Build Order
Export as new Build Order

Eric Terran 

Build Orders:  

Get SALT Encoding   

  12  0:00  SCV  
  13  0:12  SCV  
  14  0:17  Supply Depot  
  14  0:24  SCV  
  15  0:38  SCV  
  15  0:40  Barracks  
  16  0:44  Refinery  
  16  0:50  SCV  
  17  1:03  SCV  
  18  1:15  SCV  
  19  1:27  Reaper, SCV  
  19  1:31  Supply Depot  
  21  1:45  Command Center  
  21  1:52  Bunker  
  21  1:56  SCV  
  22  2:03  Marine  
  23  2:10  Factory  
  23  2:16  SCV  
  24  2:37  SCV  
  25  3:05  Orbital Command  
  25  3:07  Refinery  
  25  3:08  Factory Tech Lab  
  25  3:10  Barracks Reactor  
  25  3:15  Starport  
  25  3:17  Barracks  
  25  3:18  Orbital Command  
  25  3:19  Barracks  
  25  3:54  Marine, Siege Tank  
  25  3:55  Marine  
  29  4:21  Starport Reactor  
  29  4:22  Barracks Tech Lab  
  29  4:23  Barracks Tech Lab  
  29  4:24  Marine x2  
  29  4:26  SCV x2  
  32  4:31  Siege Tank  
  32  4:35  Supply Depot  
  32  4:37  Supply Depot  
  35  4:38  SCV x2  
  35  4:40  Marine  
  35  4:42  Marine  
  39  4:48  Combat Shield  
  39  4:50  SCV  
  39  4:51  Marine x2, SCV  
  43  5:01  Marine x2  
  43  5:02  Engineering Bay  
  43  5:03  SCV, Engineering Bay  
  46  5:17  Siege Tank  
  46  5:18  Marine x2  
  46  5:19  Marine  
  46  5:21  SCV x2  
  54  5:28  Medivac  
  54  5:33  SCV x2  
  58  5:38  Marine x3  
  58  5:41  Marine  
  62  5:56  Supply Depot  
  62  5:59  Supply Depot  
  62  6:02  Marine x4, SCV, Medivac  
  69  6:04  Stimpack  
  69  6:15  SCV  
  69  6:18  SCV  
  71  6:19  Refinery  
  71  6:20  Refinery  
  71  6:22  Missile Turret  
  71  6:27  SCV  
  71  6:30  SCV  
  73  6:37  Marine x2, Marauder x2  
  73  6:39  Supply Depot, SCV  
  80  6:40  Supply Depot  
  80  6:42  SCV  
  80  6:44  Missile Turret  
  81  6:48  Terran Infantry Weapons Level 1  
  81  6:53  SCV  
  82  6:54  SCV  
  82  6:58  Marauder  
  85  7:01  Terran Infantry Armor Level 1  
  85  7:05  SCV  
  86  7:10  Supply Depot  
  85  7:23  Medivac x2  
  85  7:24  Marine x2, Marauder x2  
  95  7:40  Siege Tank  
  95  7:42  Command Center  
  98  7:44  Marine x2  
  100  7:57  Supply Depot  
  100  7:58  Supply Depot  
  100  8:03  Missile Turret  
  100  8:06  Marine, Armory, Marauder  
  103  8:16  Marine x2  
  105  8:24  Marine, Barracks  
  106  8:27  Marine  
  107  8:35  Marine x2  
  107  8:37  Medivac  
  111  8:42  Marine  
  111  8:45  Marine  
  113  8:53  Marine x2  
  115  9:00  Marine, Orbital Command  
  116  9:03  Marine  
  117  9:11  Marine x2  
  92  9:36  Marauder  
  92  9:37  Marauder  
  82  9:39  Barracks Reactor  
  82  9:41  Marine x2  
  82  9:43  Medivac x2, Siege Tank  
  78  9:45  Orbital Command  
  78  9:58  Marauder x2  
  78  9:59  Marine x2  
  84  10:17  Marine x2  
  84  10:18  SCV x3  
  84  10:19  Marine, Marauder x2  
  84  10:20  Marine  
  95  10:30  SCV  
  95  10:35  Marine x2, Siege Tank  
  101  10:36  Medivac  
  101  10:39  Marine  
  101  10:40  Marine  
  101  10:41  Marauder x2  
  109  10:53  Marine  
  110  11:02  Marauder x2  
  114  11:06  Marine  
  114  11:07  Marine x2  
  114  11:08  Medivac, Siege Tank  
  114  11:09  Medivac  
  114  11:10  Marine  
  125  11:12  SCV x3  
  128  11:23  Barracks, Marauder x2  
  128  11:24  Marine, SCV  
Tags
 
Add a new tag
Caveats
  • Supply blocks, unpowered buildings, or Contaminate may cause inaccurate times.
  • Supply counts are checked every 10 seconds.